 Dungeon Crawl Stone Soup version 0.30.1 (webtiles) character file.

Game seed: 16293246920040590776

66 sakkuzi the Grave Robber (level 4, -6/33 HPs)
             Began as a Ghoul Necromancer on July 11, 2023.
             Was a Plaything of Xom.
             Mangled by an iguana (10 damage)
             ... on level 5 of the Dungeon on July 12, 2023.
             The game lasted 00:08:25 (2151 turns).

sakkuzi the Grave Robber (Ghoul Necromancer)        Turns: 2151, Time: 00:08:25

Health: -6/33      AC:  4    Str: 11    XL:     4   Next: 15%
Magic:  3/6        EV: 11    Int: 18    God:    Xom [..*...]
Gold:   107        SH:  3    Dex:  9    Spells: 6/7 levels left

rFire   . .          .
                       - Unarmed
rCold   + . .        o - +0 buckler
rNeg    + + +        c - +0 leather armour
rPois   ∞            (no helmet)
rElec   .            (no cloak)
rCorr   .            p - +0 pair of gloves
SInv    .            (no boots)
Will    .....        t - amulet of magic regeneration
Stlth   +            f - +6 ring of intelligence
HPRegen 0.00/turn    (no ring)
MPRegen 0.50/turn

%: no passive effects
@: inhibited regen
A: claws 1, cold resistance 1, negative energy resistance 3, inhibited
regeneration, torment resistance 2, devour on kill
a: Renounce Religion


You were on level 5 of the Dungeon.
You worshipped Xom.
You were a toy of Xom.
You visited 1 branch of the dungeon, and saw 4 of its levels.

You collected 107 gold pieces.

Inventory:

Missiles
 k - 18 stones (quivered)
Armour
 a - a +0 robe
 c - a +0 leather armour (worn)
 o - a +0 buckler (worn)
 p - a +0 pair of gloves (worn)
Magical Staves
 q - a staff of air
Jewellery
 f - a +6 ring of intelligence (left hand)
 t - an amulet of magic regeneration (around neck)
Wands
 s - a wand of flame (17)
Scrolls
 e - a scroll of acquirement {unknown}
 h - a scroll of enchant weapon {unknown}
 i - a scroll of immolation {unknown}
 l - 2 scrolls of identify {unknown}
 m - 2 scrolls of teleportation {unknown}
 n - 2 scrolls of fear {unknown}
 r - a scroll of blinking {unknown}
Potions
 b - 2 potions of magic
 d - a potion of haste {unknown}
 g - 6 potions of mutation {unknown}
 j - a potion of might {unknown}
Miscellaneous
 u - a piece from Xom's chessboard (15/15)


   Skills:
 + Level 2.3 Dodging
 - Level 2.2 Stealth
 + Level 0.5 Shields
 - Level 1.0 Unarmed Combat
 + Level 2.2 Spellcasting
 * Level 4.7 Necromancy


You had 6 spell levels left.
You knew the following spells:

 Your Spells              Type           Power      Damage    Failure   Level
a - Necrotise             Necr           72%        1d7       4%          1

Your spell library contained the following spells:

 Spells                   Type           Power      Damage    Failure   Level
 Vampiric Draining        Necr           18%        2d7       16%         3
 Animate Dead             Necr           18%        N/A       45%         4
 Agony                    Necr           18%        N/A       80%         5


Dungeon Overview and Level Annotations

Branches:
Dungeon (3/15)

Altars:
Xom


Innate Abilities, Weirdness & Mutations

You are immune to poison.
You have sharp fingernails.
Your flesh is cold resistant. (rC+)
You are immune to negative energy. (rN+++)
You do not regenerate when monsters are visible.
You are immune to unholy pain and torment.
You thrive by killing the living.


Message History

An iguana comes into view.
The iguana hisses angrily.
You closely miss the iguana. The iguana bites you!
You hit the iguana but do no damage. The iguana misses you.
The iguana attacks as you move away!
The iguana bites you but does no damage.
Casting: Necrotise (safe; 4% risk of failure)
Confirm with . or Enter, or press ? or * to list all spells.
Aiming: Necrotise (safe; 4% risk of failure)
Press: ? - help, Shift-Dir - straight line, f - iguana
Aim: an iguana (chance to affect: 83%)
The iguana writhes in agony.
The iguana barely misses you.
Casting: Necrotise (safe; 4% risk of failure)
Confirm with . or Enter, or press ? or * to list all spells.
Aiming: Necrotise (safe; 4% risk of failure)
Press: ? - help, Shift-Dir - straight line, f/p - iguana
Aim: an iguana (moderately wounded, chance to affect: 83%)
The iguana writhes in agony.
The iguana bites you!
Casting: Necrotise (safe; 4% risk of failure)
Confirm with . or Enter, or press ? or * to list all spells.
Aiming: Necrotise (safe; 4% risk of failure)
Press: ? - help, Shift-Dir - straight line, f/p - iguana
Aim: an iguana (heavily wounded, chance to affect: 83%)
The iguana writhes in agony.
The iguana bites you.
* * * LOW HITPOINT WARNING * * *
Okay, then.
Casting: Necrotise (safe; 4% risk of failure)
Confirm with . or Enter, or press ? or * to list all spells.
Aiming: Necrotise (safe; 4% risk of failure)
Press: ? - help, Shift-Dir - straight line, f/p - iguana
Aim: an iguana (severely wounded, chance to affect: 83%)
The iguana barely resists.
The iguana bites you.
* * * LOW HITPOINT WARNING * * *
Casting: Necrotise (safe; 4% risk of failure)
Confirm with . or Enter, or press ? or * to list all spells.
Aiming: Necrotise (safe; 4% risk of failure)
Press: ? - help, Shift-Dir - straight line, f/p - iguana
Aim: an iguana (heavily wounded, chance to affect: 83%)
The iguana writhes in agony.
The iguana bites you!
You die...

.#.#
#.#.........##.#
##.#
#......##.#.##.#
...#
#########......#
#### ###.#### #
#.# # ##.# #..#
###.####
#@l....#
#.#.##.# #.#># #
....# #..###
#..# #... #.##


You could see an iguana.

Vanquished Creatures
  Terence (D:2)
  An adder (D:2)
  A dart slug (D:2)
  2 endoplasms
  A giant cockroach (D:1)
  4 hobgoblins
  3 kobolds (D:1)
  A quokka (D:1)
  7 ball pythons
  A bat (D:2)
  4 frilled lizards (D:1)
  2 goblins
  A rat (D:1)
29 creatures vanquished.

Vanquished Creatures (collateral kills)
  A goblin (D:1)
1 creature vanquished.

Grand Total: 30 creatures vanquished

Notes
Turn   | Place    | Note
-------+----------+-------------------------------------------
     0 | D:1      | sakkuzi the Ghoul Necromancer began the quest for the Orb.
     0 | D:1      | Reached XP level 1. HP: 14/14 MP: 2/2
   254 | D:1      | Reached XP level 2. HP: 15/20 MP: 3/3
   998 | D:2      | Reached skill level 1 in Unarmed Combat
   998 | D:2      | Reached XP level 3. HP: 24/26 MP: 1/5
  1358 | D:2      | Noticed Terence
  1367 | D:2      | Killed Terence
  1368 | D:2      | Reached XP level 4. HP: 18/33 MP: 1/6
  2026 | D:3      | Found a shimmering altar of Xom.
  2038 | D:3      | Became a worshipper of Xom of Many Doors
  2089 | D:3      | You fall into a shaft and drop 2 floors!
  2089 | D:5      | Entered Level 5 of the Dungeon
  2151 | D:5      | Mangled by an iguana

Illustrated notes

Levels and vault maps discovered:
D:1:      roderic_dead_forest, layout_basic
D:2:      layout_basic, uniq_terence
D:3:      layout_basic, xom_butterflies, uniq_ijyb, uniq_crazy_yiuf_cottage
D:5:      layout_loops_cross, minmay_temple_entry_drinking_statues,
          minmay_increasing_density, uniq_eustachio, uniq_pikel

Skill      XL: |  1  2 |
---------------+-------+-----
Dodging        | 2 |  2.3
Spellcasting   | 2 |  2.2
Unarmed Combat | 1 |  1.0
Stealth        | |  2.2
Shields        | |  0.5
Necromancy     | |  4.7

Action                     |  1- 3 |  4- 6 || total
---------------------------+-------+-------++-------
  Melee: Unarmed           |    31 |     3 ||    34
   Cast: Necrotise         |    29 |    12 ||    41
 Armour: Leather armour    |     5 |     1 ||     6
  Dodge: Dodged            |    16 |     2 ||    18
  Block: Buckler           |     1 |     1 ||     2
